 Dungeon Crawl Stone Soup version 0.32-a0-893-gf85d74f360 (webtiles) character file.

Game seed: 16463646179201382279

1163 Autsider the Geomancer (level 8, -6/48 HPs)
             Began as a Gargoyle Earth Elementalist on Apr 3, 2024.
             Mangled by Duvessa
             ... wielding a +0 short sword
              (10 damage)
             ... on level 5 of the Dungeon.
             The game lasted 00:10:07 (5203 turns).

Autsider the Geomancer (GrEE)                       Turns: 5203, Time: 00:10:07

Health: -6/48      AC: 13    Str: 12    XL:     8   Next: 40%
Magic:  1/11       EV: 11    Int: 18    God:
Gold:   342        SH:  0    Dex: 10    Spells: 7/11 levels left

rFire   . . .        z - +2 dagger (venom)
rCold   . . .        (no shield)
rNeg    + . .        a - +0 robe
rPois   ∞            u - +0 helmet
rElec   +            f - +1 cloak
rCorr   .            j - +2 pair of gloves
SInv    .            (no boots)
Will    .....        c - amulet of the acrobat
Stlth   ++           (no ring)
HPRegen 0.28/turn    (no ring)
MPRegen 0.12/turn

%: acrobat
@: no status effects
A: sickness immunity, AC +5, negative energy resistance 1, electricity
resistance, torment resistance 1, petrification resistance
a: no special abilities


You were on level 5 of the Dungeon.
You visited 2 branches of the dungeon, and saw 6 of its levels.
You also visited: Sewer.

You collected 342 gold pieces.

Inventory:

Hand Weapons
 z - a +2 dagger of venom (weapon)
Missiles
 m - 2 throwing nets
 p - 6 curare-tipped darts
Armour
 a - a +0 robe (worn)
 f - a +1 cloak (worn)
 j - a +2 pair of gloves (worn)
 u - a +0 helmet (worn)
 C - the +0 leather armour "Sacwedgha" {Rampage rPois Str-4 Dex+3}
   (You took it off an orc on level 5 of the Dungeon)

   Str-4:     It affects your strength (-4).
   Dex+3:     It affects your dexterity (+3).
   rPois:     It protects you from poison.
   Rampage:   It bestows one free step when moving towards enemies.
Magical Staves
 r - the staff of Zealous Blind Justice {rN+ Will- Dex+3 SInv Necro}
   (You found it in a sewer)

   [staff of death]

   Base accuracy: +5 Base damage: 5 Base attack delay: 1.2 This weapon's minimum
   attack delay (0.6) is reached at skill level 12.
   Dex+3:     It affects your dexterity (+3).
   rN+:       It protects you from negative energy.
   Will-:     It decreases your willpower.
   SInv:      It lets you see invisible.
   Necro:     It increases the power of your Necromancy spells.
   It falls into the 'Staves' category.
   It is a one-handed weapon.
Jewellery
 c - an amulet of the acrobat (around neck)
 i - a ring of fire
 D - a ring of ice
Wands
 w - a wand of digging (6)
Scrolls
 g - 4 scrolls of identify {@r1}
 h - 4 scrolls of teleportation {@r2}
 l - a scroll of enchant armour {unknown}
 n - a scroll of torment {unknown}
 o - a scroll of amnesia
 q - a scroll of blinking
 s - a scroll of summoning {unknown}
 t - a scroll of immolation {unknown}
 y - a scroll of poison {unknown}
 B - a scroll of fear {unknown}
 E - a scroll of silence {unknown}
Potions
 b - a potion of magic
 d - 3 potions of lignification
 e - a potion of degeneration {unknown}
 k - a potion of ambrosia
 v - a potion of brilliance
 x - a potion of attraction
 A - 4 potions of curing {unknown}
 F - a potion of resistance {unknown}


   Skills:
 + Level 4.3 Fighting
 + Level 3.7 Dodging
 - Level 2.1 Stealth
 - Level 2.0 Spellcasting
 + Level 5.4 Conjurations
 - Level 8.0 Earth Magic


You had 7 spell levels left.
You knew the following spells:

 Your Spells              Type           Power      Damage    Failure   Level
a - Sandblast             Erth           60%        2d14      1%          1
b - Stone Arrow           Conj/Erth      50%        3d10      3%          3

Your spell library contained the following spells:

 Spells                   Type           Power      Damage    Failure   Level
 Passwall                 Erth           30%        N/A       1%          3
 Sting                    Conj/Alch      44%        1d5       6%          1
 Brom's Barrelling Bould  Conj/Erth      25%        2d5       12%         4
 Apportation              Tloc           2%         N/A       19%         1
 Necrotise                Necr           4%         1d4       19%         1
 Summon Small Mammal      Summ           4%         N/A       19%         1
 Petrify                  Alch/Erth      16%        N/A       34%         4
 Ignite Poison            Fire/Alch      1%         N/A       87%         4
 Freezing Cloud           Conj/Ice/Air   4%         6-21      94%         5
 Cigotuvi's Dreadful Rot  Necr/Alch/Air  Unusable   N/A       N/A         2

Dungeon Overview and Level Annotations

Branches:
Dungeon (5/15)             Temple (1/1) D:5           Sewer (visited)

Altars:
Ashenzari
Cheibriados
Fedhas
Hepliaklqana
Kikubaaqudgha
Makhleb
Okawaru
Qazlal
Ru
Trog
Vehumet

Annotations:
D:5 Duvessa


Innate Abilities, Weirdness & Mutations

You are immune to sickness and miasma.
Your stone body is resilient. (AC +5)
You are immune to poison.
You resist negative energy. (rN+)
You are resistant to electric shocks. (rElec)
You are resistant to unholy torment.
You are immune to petrification.


Message History

Casting: Sandblast (safe; 1% risk of failure)
Confirm with . or Enter, or press ? or * to list all spells.
Aiming: Sandblast (safe; 1% risk of failure)
Press: ? - help, Shift-Dir - straight line, f/p - Duvessa
Aim: Duvessa, wielding a +0 short sword, wearing a +0 ring mail and carrying a wand of flame (moderately wounded, berserk, 88% to hit)
The blast of sand hits Duvessa.
Duvessa is moderately wounded.
Duvessa hits you with a +0 short sword. x2
* * * LOW HITPOINT WARNING * * *
Casting: Sandblast (safe; 1% risk of failure)
Confirm with . or Enter, or press ? or * to list all spells.
Aiming: Sandblast (safe; 1% risk of failure)
Press: ? - help, Shift-Dir - straight line, f/p - Duvessa
Aim: Duvessa, wielding a +0 short sword, wearing a +0 ring mail and carrying a wand of flame (moderately wounded, berserk, 88% to hit)
The blast of sand hits Duvessa!
Duvessa is heavily wounded.
Duvessa misses you. Duvessa hits you with a +0 short sword!
* * * LOW HITPOINT WARNING * * *
Casting: Sandblast (safe; 1% risk of failure)
Confirm with . or Enter, or press ? or * to list all spells.
Aiming: Sandblast (safe; 1% risk of failure)
Press: ? - help, Shift-Dir - straight line, f/p - Duvessa
Aim: Duvessa, wielding a +0 short sword, wearing a +0 ring mail and carrying a wand of flame (heavily wounded, berserk, 88% to hit)
The blast of sand hits Duvessa but does no damage.
Duvessa is heavily wounded.
Duvessa hits you with a +0 short sword.
* * * LOW HITPOINT WARNING * * *
Duvessa hits you with a +0 short sword!
* * * LOW HITPOINT WARNING * * *
Duvessa hits you but does no damage.
Okay, then.
Casting: Sandblast (safe; 1% risk of failure)
Confirm with . or Enter, or press ? or * to list all spells.
Aiming: Stone Arrow (dangerous; 3% risk of failure)
Press: ? - help, Shift-Dir - straight line, f/p - Duvessa
Aim: Duvessa, wielding a +0 short sword, wearing a +0 ring mail and carrying a wand of flame (heavily wounded, berserk, 79% to hit)
The stone arrow hits Duvessa!
Duvessa is severely wounded.
Duvessa hits you with a +0 short sword!
You die...

..####..#####...########.#
..####........### #.#
#.#........().# #.#
..#.##..÷.....# #.#
....#......>..# #.#
#.#.#.........#### #.#
#.#.>............# #.#
..#.##........##.# #.#
###.##........##@# #.#
....##.#########e# #.#
##.....# ... #.# #.....#
..... #.# #.....# ......#
#.# #.....# .......#
#.####### #.....#
#####.### #.......#
####### #.# ###.###.# ###
#.#


You could see Duvessa (berserk).

Vanquished Creatures
  An ice beast (D:5)
  An ogre (D:5)
  A centaur (D:5)
  Blork the orc (D:4)
  3 bullfrogs
  2 scorpions
  Dowan (D:5)
  2 orc priests
  4 hounds (D:5)
  3 orc wizards
  6 adders
  2 ufetubi (D:5)
  8 dart slugs
  4 ribbon worms
  20 orcs
  18 ball pythons
  5 bats
  9 endoplasms
  11 giant cockroaches
  5 goblins
  3 hobgoblins
  3 jackals (D:2)
  7 kobolds
  2 quokkas
  17 frilled lizards
  2 rats
141 creatures vanquished.

Notes
Turn   | Place    | Note
-------+----------+-------------------------------------------
     0 | D:1      | Autsider the Gargoyle Earth Elementalist began the quest
                  | for the Orb.
     0 | D:1      | Reached XP level 1. HP: 10/10 MP: 3/3
   226 | D:1      | Reached skill level 4 in Earth Magic
   251 | D:1      | Reached XP level 2. HP: 15/15 MP: 3/5
   533 | D:1      | Reached XP level 3. HP: 19/19 MP: 4/6
   887 | D:2      | Reached skill level 5 in Earth Magic
   996 | D:2      | Reached XP level 4. HP: 24/24 MP: 2/7
  1607 | D:3      | Found a glowing drain.
  1657 | Sewer    | Entered a sewer
  2131 | Sewer    | Reached XP level 5. HP: 28/28 MP: 6/8
  2241 | Sewer    | Reached skill level 6 in Earth Magic
  2433 | Sewer    | Identified the staff of Zealous Blind Justice {rN+ Will-
                  | Dex+3 SInv Necro}
  2440 | Sewer    | Reached skill level 1 in Fighting
  2442 | Sewer    | Reached XP level 6. HP: 27/34 MP: 2/9
  3260 | D:4      | Reached skill level 7 in Earth Magic
  3269 | D:4      | Learned a level 3 spell: Stone Arrow
  3370 | D:4      | Reached XP level 7. HP: 13/40 MP: 5/10
  3492 | D:4      | Found a bloodstained altar of Trog.
  3492 | D:4      | Found a sacrificial altar of Ru.
  3802 | D:4      | Noticed Blork the orc
  3811 | D:4      | Killed Blork the orc
  4163 | D:5      | Entered Level 5 of the Dungeon
  4223 | D:5      | Noticed Dowan
  4368 | D:5      | Identified the +0 leather armour "Sacwedgha" {Rampage rPois
                  | Str-4 Dex+3}
  4369 | D:5      | Found a staircase to the Ecumenical Temple.
  4384 | D:5      | Reached skill level 8 in Earth Magic
  4394 | Temple   | Entered the Ecumenical Temple
  4484 | D:5      | Reached XP level 8. HP: 23/46 MP: 0/11
  4796 | D:5      | Reached skill level 5 in Conjurations
  5194 | D:5      | Noticed Duvessa
  5197 | D:5      | Killed Dowan
  5203 | D:5      | Mangled by Duvessa

Illustrated notes

Levels and vault maps discovered:
D:1:      zaba_arrival_water, layout_loops_ring, hex_medium
D:2:      layout_loops_cross
D:3:      layout_basic, cheibrodos_sewer_entry_bend, minmay_misc_feat_rugged
D:4:      layout_basic, nicolae_overflow_two_pavilions, uniq_blork_the_orc
D:5:      layout_basic, minmay_temple_entry_trees, uniq_crazy_yiuf_cottage,
          uniq_duvessa
Temple:   dpeg_three_leaves_temple

Skill      XL: |  1  2  3  4  5  6  7  8 |
---------------+-------------------------+-----
Earth Magic    | 4 5 6 7 8 |  8.0
Conjurations   | 2 3 4 5 |  5.4
Fighting       | 1 2 3 4 |  4.3
Dodging        | 2 3 |  3.7
Stealth        | |  2.1
Spellcasting   | |  2.0

Action                     |  1- 3 |  4- 6 |  7- 9 || total
---------------------------+-------+-------+-------++-------
  Melee: Whip              |    17 |       |       ||    17
         Dagger            |       |       |    30 ||    30
   Cast: Sandblast         |    29 |   116 |    58 ||   203
         Stone Arrow       |       |       |     6 ||     6
    Use: Scroll            |       |     7 |       ||     7
 Armour: Robe              |    21 |    25 |    48 ||    94
  Dodge: Dodged            |    28 |    28 |    26 ||    82

Table legend: (Time is in decaauts)
 A = Elapsed time spent in this place.
 B = Non-inter-level travel time spent in this place.
 C = Inter-level travel time spent in this place.
 D = Time resting spent in this place.
 E = Time spent auto-exploring this place.
 F = Levels seen in this place.
 G = Mean time per level.
                   A        B        C        D        E       F      G
               +--------+--------+--------+--------+--------+-----+--------+
         Total |   5382 |   5244 |    138 |    331 |   4001 |   7 |  768.9 |
       Dungeon |   4353 |   4215 |    138 |    260 |   3291 |   5 |  870.6 |
        Temple |     72 |     72 |      0 |     71 |      0 |   1 |   72.0 |
         Sewer |    955 |    955 |      0 |      0 |    710 |   1 |  955.0 |
               +--------+--------+--------+--------+--------+-----+--------+

Top non-repeatable levels by time:
     D:5: 988 daAuts
   Sewer: 955 daAuts
     D:4: 920 daAuts
     D:3: 867 daAuts
     D:2: 794 daAuts
     D:1: 782 daAuts
  Temple: 72 daAuts
